AoeStats
← haristo

Arena

509441106Analyzed
2v2 RM · 5d ago on Sep 26, 2026· 115m 12s· 4 players
Game mode
Random Map
Map size
Medium (4 player)
Population
200
Speed
Normal
Resources
Standard
Victory
Conquest
Starting age
Dark Age
Ending age
Imperial Age
RankedLock teamsTeams togetherTeam positionsShared explorationLock speedFull tech treeHidden civsTurbo modeCheats
Victory
Defeat
🇷🇴 Magyars · Romania
833
+17
🇷🇴 Danes · Romania
832
+17
🇹🇷 Cumans · Türkiye
915
-20
🇹🇷 Celts · Türkiye
785
-14
rAd1caL.^
3:46 Loom
5:59 Loom
10:32 Feudal Age
11:25 Double-Bit Axe
12:50 Horse Collar
18:09 Castle Age
16:16 Horse Collar
17:54 Stone Mining
17:57 Gold Mining
20:21 Bloodlines
szokeherceg
10:05 Feudal Age
10:33 Double-Bit Axe
11:28 Loom
18:34 Castle Age
16:48 Horse Collar
17:04 Gold Mining
17:40 Stone Mining
19:54 Bow Saw
22:30 Forging
23:11 Scale Mail Armor
32:15 Chain Mail Armor
32:37 Iron Casting
32:55 Elite Skirmisher
41:09 Padded Archer Armor
41:01 Fletching
47:51 Imperial Age
49:43 Blast Furnace
49:14 Plate Mail Armor
50:55 Bloodlines
50:56 Hamask
51:56 Heavy Plow
53:24 Elite Jomsviking
53:58 Capped Ram
56:16 Husbandry
57:34 Loom
58:28 Wheelbarrow
58:58 Murder Holes
67:36 Bodkin Arrow
67:56 Leather Archer Armor
67:47 Scale Barding Armor
68:36 Hoardings
69:08 Squires
68:59 Arson
70:32 Siege Ram
74:20 Ballistics
86:47 Gold Shaft Mining
86:49 Stone Shaft Mining
103:25 Chain Barding Armor
104:30 Conscription
107:14 Thumb Ring
Furkan
10:17 Feudal Age
9:06 Loom
16:09 Castle Age
16:10 Capped Ram
17:20 Double-Bit Axe
26:21 Gold Mining
28:43 Gold Shaft Mining
27:52 Horse Collar
28:24 Bow Saw
36:49 Imperial Age
38:49 Wheelbarrow
50:18 Two-Man Saw
49:37 Hand Cart
49:45 Town Watch
52:50 Stone Mining
56:40 Elite Kipchak
57:34 Cuman Mercenaries
57:55 Conscription
58:11 Padded Archer Armor
58:01 Fletching
58:12 Scale Mail Armor
58:18 Scale Barding Armor
58:23 Forging
59:04 Onager
60:41 Siege Onager
71:14 Town Patrol
73:19 Chain Mail Armor
73:19 Leather Archer Armor
72:59 Bodkin Arrow
79:38 Caravan
86:44 Chain Barding Armor
86:54 Plate Mail Armor
87:00 Iron Casting
86:55 Ring Archer Armor
98:03 Ring Archer Armor
98:09 Plate Barding Armor
103:19 Elite Skirmisher
103:20 Heavy Cavalry Archer
105:09 Blast Furnace
104:38 Squires
104:08 Pikeman
104:34 Arson
106:10 Parthian Tactics
114:28 Halberdier
haristo
12:11 Feudal Age
17:49 Wheelbarrow
21:53 Forging
21:43 Scale Mail Armor
26:46 Man-at-Arms
27:30 Double-Bit Axe
27:31 Horse Collar
28:56 Arson
28:33 Man-at-Arms
32:12 Castle Age
30:02 Loom
30:02 Town Watch
31:41 Wheelbarrow
31:08 Gold Mining
31:08 Stone Mining
32:33 Padded Archer Armor
32:25 Fletching
33:00 Crossbowman
35:25 Bodkin Arrow
35:46 Leather Archer Armor
38:13 Long Swordsman
38:38 Gambesons
40:38 Hand Cart
40:54 Chain Mail Armor
41:14 Iron Casting
40:42 Gambesons
42:33 Iron Casting
54:35 Bow Saw
68:57 Pikeman
69:23 Elite Skirmisher
Connection lost

Rejoining the realm…

Still unreachable

The connection could not be restored.

Session expired

The server has moved on; the page needs a fresh start.